 Dungeon Sprint DCSS version 0.20-a0-1101-g1de9d76 (webtiles) character file.

1132 potatolord5000 the Blocker (level 8, -11/73 HPs)
             Began as a Formicid Fighter on May 4, 2017.
             Killed from afar by an electric eel (14 damage)
             ... with a bolt of electricity
             ... in the Dungeon (Sprint II: "The Violet Keep of Menkaure").
             The game lasted 00:04:30 (333 turns).

potatolord5000 the Blocker (Formicid Fighter)        Turns: 333, Time: 00:04:31

Health: -11/73     AC:  8    Str: 23    XL:     8   Next: 62%
Magic:  8/8        EV: 10    Int:  8    God:
Gold:   729        SH: 12    Dex: 10    Spells: 7/7 levels left

rFire    . . .     SeeInvis +   a - +0 war axe
rCold    . . .     Gourm    .   c - +0 shield
rNeg     . . .     Faith    .   b - +0 scale mail
rPois    .         Spirit   .   (helmet unavailable)
rElec    .         Reflect  .   (no cloak)
rCorr    .         Harm     .   (no gloves)
MR       .....                  (no boots)
Stlth    ..........             (no amulet)
Regen    0.3/turn               (no ring)
MPRegen  0.2/turn               (no ring)

@: no status effects
A: permanent stasis, dig shafts and tunnels, four strong arms, antennae 3,
evolution 1
a: Dig


You were in the Dungeon.
You were not hungry.

You visited 1 branch You collected 729 gold pieces.

Inventory:

Hand Weapons
 a - a +0 war axe (weapon)
Armour
 b - a +0 scale mail (worn)
 c - a +0 shield (worn)
Scrolls
 k - a scroll of blinking
Potions
 h - a potion of haste
 i - 2 potions of magic
 j - a potion of berserk rage
Comestibles
 f - a bread ration


   Skills:
 + Level 10.4 Fighting
 + Level 9.2 Axes
 + Level 10.3 Armour
 + Level 11.2 Shields


You had 7 spell levels left.
You didn't know any spells.

Dungeon Overview and Level Annotations

Branches:
Dungeon (1/1)

Altars:


Innate Abilities, Weirdness & Mutations

You cannot be hasted, slowed, berserked, paralysed or teleported.
You can dig through walls and to a lower floor.
Your four strong arms can wield two-handed weapons with a shield.
You have a pair of large antennae on your head. (SInv)
You evolve.


Message History

5 electric eels come into view.
The electric eel shoots out a bolt of lightning at you!
The bolt of electricity hits the electric eel.
The electric eel completely resists.
The bolt of electricity hits you!
You see here 243 gold pieces.
You now have 729 gold pieces (gained 243).
The walls and floor vibrate strangely for a moment.
The electric eel shoots out a bolt of lightning at you!
The bolt of electricity hits the electric eel.
The electric eel completely resists.
The bolt of electricity hits you!
* * * LOW HITPOINT WARNING * * *
The electric eel shoots out a bolt of lightning at you!
The bolt of electricity hits you!
* * * LOW HITPOINT WARNING * * *
The bolt of electricity misses you.
The electric eel shoots out a bolt of lightning at you!
The bolt of electricity hits you!
* * * LOW HITPOINT WARNING * * *
The bolt of electricity hits you!
You die...

### .#.# ##
##.###÷# .##
#.).#..###..#
+.#.'.<.'.#
#...##.###..#
##.###'## .##
######.#### {
#..##.#
#..@## {
##'## ≈≈≈≈
#'§§#§§ {
#≈;;;;;;
#§§≈§;§≈§≈
+≈≈§§§≈≈§;≈≈
##≈§§§§§≈§§##


You could see 4 electric eels.

Vanquished Creatures
  A merfolk siren (D)
  3 neqoxecs (D)
  4 necrophages (D)
  4 worker ants (D)
12 creatures vanquished.

Vanquished Creatures (others)
  Menkaure (D)
  A crocodile (D)
2 creatures vanquished.

Grand Total: 14 creatures vanquished

Notes
Turn   | Place    | Note
-------+----------+-------------------------------------------
     0 | D        | potatolord5000 the Formicid Fighter began the quest for the Orb.
     0 | D        | Reached XP level 1. HP: 18/18 MP: 1/1
     2 | D        | Noticed a necrophage
     2 | D        | Noticed a necrophage
     2 | D        | Noticed a necrophage
     2 | D        | Noticed a necrophage
     8 | D        | Killed a necrophage
     8 | D        | Reached skill level 5 in Fighting
     8 | D        | Reached skill level 5 in Armour
     8 | D        | Reached skill level 6 in Shields
     8 | D        | Reached XP level 2. HP: 24/25 MP: 2/2
     8 | D        | Reached XP level 3. HP: 30/31 MP: 3/3
     8 | D        | Reached XP level 4. HP: 35/37 MP: 4/4
     8 | D        | Killed a necrophage
     8 | D        | Reached skill level 5 in Axes
     8 | D        | Reached skill level 7 in Shields
     8 | D        | Reached XP level 5. HP: 43/45 MP: 5/5
    10 | D        | Killed a necrophage
    10 | D        | Reached skill level 8 in Shields
    10 | D        | Reached XP level 6. HP: 51/53 MP: 6/6
    14 | D        | Killed a necrophage
    17 | D        | Reached skill level 9 in Shields
    17 | D        | Reached XP level 7. HP: 58/61 MP: 7/7
    29 | D        | Noticed a neqoxec
    30 | D        | Noticed a neqoxec
    36 | D        | Killed a neqoxec
    40 | D        | Killed a neqoxec
    40 | D        | Reached skill level 10 in Shields
    64 | D        | Killed Menkaure
    74 | D        | Noticed a neqoxec
    74 | D        | Gained mutation: You evolve. [a neqoxec]
    82 | D        | Killed a neqoxec
    82 | D        | Reached XP level 8. HP: 43/72 MP: 8/8
    91 | D        | Noticed a merfolk siren
   104 | D        | Killed a merfolk siren
   104 | D        | Reached skill level 10 in Fighting
   104 | D        | Reached skill level 10 in Armour
   104 | D        | Reached skill level 11 in Shields
   333 | D        | HP: 3/73 [electric eel/bolt of electricity (5)]
   333 | D        | Killed from afar by an electric eel

Vault maps used:
D:        the_violet_keep_of_menkaure

Skill      XL: |  1  2  3  4  5  6  7  8 |
---------------+-------------------------+-----
Fighting       | 5 6 7 8 9 10 | 10.4
Axes           | 4 5 6 7 8 9 |  9.2
Armour         | 5 6 7 8 9 10 | 10.3
Shields        | 6 7 8 9 10 11 | 11.2

Action                   |  1- 3 |  4- 6 |  7- 9 || total
-------------------------+-------+-------+-------++-------
Melee: War axe           |     5 |     7 |    32 ||    44
 Abil: Dig               |     1 |       |       ||     1
  Use: Potion            |     1 |       |     2 ||     3
Armor: Scale mail        |     1 |       |     1 ||     2
Dodge: Dodged            |       |     4 |     5 ||     9
Block: Shield            |     3 |     1 |     8 ||    12
